[Event "Betsys MČR v online bleskovém šachu 2021"]
[Site "Chess.com"]
[Date "2021.04.17"]
[Round "13"]
[White "jachymcarostrelec4"]
[Black "Zavurka1975"]
[Result "0-1"]
[WhiteElo "1976"]
[BlackElo "2198"]
[TimeControl "180+1"]
[EndTime "11:13:08 PDT"]
[Termination "Uživatel Zavurka1975 zvítězil matem"]

1. d4 Nf6 2. Nf3 d6 3. c4 Nbd7 4. Nc3 e5 5. d5 Be7 6. e4 Nc5 7. Qc2 a5 8. Be2 O-O 9. O-O Ne8 10. Be3 b6 11. Nd2 f5 12. f3 Bg5 13. Bf2 g6 14.
a3 Bxd2 15. Qxd2 Nb3 16. Qc2 Nxa1 17. Rxa1 Nf6 18. Bh4 Bd7 19. Rb1 Qe8 20. h3 Nh5 21. b4 axb4 22. axb4 Nf4 23. Bf2 Qe7 24. Kh2 Qg5 25.
g3 Nxe2 26. Qxe2 fxe4 27. Nxe4 Qh5 28. g4 Qh6 29. Be3 Qg7 30. c5 bxc5 31. bxc5 Qf7 32. c6 Bc8 33. Rd1 Qxf3 34. Qxf3 Rxf3 35. Bg5 Ra2+ 36.
Kg1 Kf7 37. Bd8 Ra7 38. Ng5+ Ke8 39. Nxf3 Kxd8 40. Kg2 Ra2+ 41. Kg3 Ba6 42. Ng5 Ra3+ 43. Kh4 h6 44. Nf7+ Ke7 45. Nxh6 Kf6 46. g5+ Kg7 47.
Ng4 Ra4 48. Kg3 Bc8 49. Rf1 Bxg4 50. hxg4 Rd4 51. Ra1 Rxd5 52. Ra7 Rc5 53. Rxc7+ Kf8 54. Rc8+ Ke7 55. Rg8 Rxc6 56. Rxg6 Kf7 57. Rf6+ Ke7 58. Kf3 Rc3+ 59. Ke4 Rc4+ 60. Kf5 Rf4+ 61. Kg6 d5 62. Rxf4 exf4 63. Kh7 f3 64. g6 f2 65. g7 f1=Q 66.
g8=Q Qh3+ 67. Kg7 Qxg4+ 68. Kh8 Qxg8+ 69. Kxg8 d4 70. Kg7 d3 71. Kg6 d2 72. Kg5 d1=Q 73.
Kf4 Qd6+ 74. Ke3 Ke6 75. Kf3 Qd5+ 76. Ke3 Ke5 77. Kf2 Qd4+ 78. Kg3 Qf4+ 79. Kh3 Kf5 80. Kg2 Qe3 81. Kh1 Qd2 82. Kg1 Kf4 83. Kf1 Kf3 84. Kg1 Qg2# 0-1

[Event "Betsys MČR v online bleskovém šachu 2021"]
[Site "Chess.com"]
[Date "2021.04.17"]
[Round "13"]
[White "rolkento"]
[Black "Bolavey_Kotnik"]
[Result "0-1"]
[WhiteElo "2251"]
[BlackElo "2372"]
[TimeControl "180+1"]
[EndTime "11:13:17 PDT"]
[Termination "Uživatel Bolavey_Kotnik zvítězil na čas"]

1. e4 c5 2. c3 d6 3. f4 e6 4.
Nf3 Nf6 5. Qc2 Be7 6. Bb5+ Bd7 7.
Bxd7+ Nbxd7 8. O-O c4 9. b3 d5 10. e5 Ng4 11. d4 cxd3 12. Qxd3 a6 13. h3 Nh6 14. Nd4 Nc5 15. Qc2 g6 16. Be3 Nf5 17.
Nxf5 gxf5 18. Bxc5 Bxc5+ 19. Kh2 Rg8 20. Qe2 Qh4 21.
Qe1 Qxe1 22. Rxe1 Rc8 23. Rf1 Ke7 24. Rf3 d4 25. c4 b5 26. cxb5 axb5 27. Nd2 Bb4 28. Rd3 Rc2 29. Rd1 Bc3 30. a4 bxa4 31.
bxa4 Ra2 32. Kh1 Rb8 33. Nf3 Rbb2 34. g4 fxg4 35. hxg4 Rf2 36. f5 exf5 37. gxf5 Rxa4 38. Nxd4 Bxd4 39. Rxd4 Rxd4 40. Rxd4 Rxf5 41. Rh4 h5 42. Re4 Ke6 43. Kg2 Rxe5 44. Ra4 Kf5 45. Ra8 Re3 46. Rb8 Kg4 47. Rb4+ Kg5 48. Rb8 f5 49. Ra8 f4 50. Rg8+ Kh4 51. Kf2 Ra3 52. Rg7 Rg3 53. Rf7 Kg4 54. Rg7+ Kh3 55. Rf7 Kg4 56. Rg7+ Kh3 57. Rf7 Rg2+ 58. Kf3 h4 59. Rxf4 Ra2 60.
Rb4 Ra3+ 61. Kf2 Ra2+ 62. Kf3 Ra1 63. Kf2 Ra3 64. Kf1 Rg3 65. Kf2 Rg2+ 66. Kf1 Rg5 67. Ra4 Kg3 68. Ra3+ Kh2 69. Kf2 h3 70. Ra8 Rf5+ 71.
Ke2 Kg2 72. Rg8+ Kh2 73. Rg7 Rf4 74. Rg8 Ra4 75. Kf2 Ra2+ 76. Kf1 Rg2 77. Rf8 Rg4 78. Rf2+ Kg3 79. Ra2 h2 80. Ra3+ Kh4 81. Kf2 h1=Q 82. Ra8 Qxa8 0-1